 Dungeon Crawl Stone Soup version 0.20.1 (console) character file.

225 bli the Chopper (level 6, -2/56 HPs)
             Began as a Hill Orc Monk on July 2, 2017.
             Slain by an orc priest
             ... wielding a +0 mace
              (3 damage)
             ... on level 3 of the Dungeon.
             The game lasted 00:13:32 (2276 turns).

bli the Chopper (Hill Orc Monk)                     Turns: 2276, Time: 00:13:33

Health: -2/56      AC:  6    Str: 14    XL:     6   Next: 1%
Magic:  6/6        EV: 13    Int: 10    God:
Gold:   186        SH:  0    Dex: 15    Spells: 5/5 levels left

rFire    . . .     SeeInvis +   a - +4 hand axe
rCold    . . .     Gourm    .   (no shield)
rNeg     . . .     Faith    .   u - +2 leather armour {MR+}
rPois    .         Spirit   .   A - +0 helmet
rElec    .         Reflect  .   (no cloak)
rCorr    .         Harm     .   (no gloves)
MR       +....                  (no boots)
Stlth    ++........             (no amulet)
Regen    0.2/turn               e - ring of see invisible
MPRegen  0.1/turn               (no ring)

@: no status effects
A: no striking features
a: Convert to Beogh


You were on level 3 of the Dungeon.
You were not hungry.

You visited 1 branch of the dungeon, and saw 3 of its levels.

You collected 186 gold pieces.

Inventory:

Hand Weapons
 a - a +4 hand axe (weapon)
 b - a +0 war axe
 t - a +2 dagger of venom
Missiles
 g - 31 stones (quivered)
Armour
 k - a +0 ring mail
 p - a +0 scale mail
 u - a +2 leather armour of magic resistance (worn)
 v - a +0 robe
 y - a +0 chain mail
 A - a +0 helmet (worn)
Magical Staves
 B - an uncursed staff of poison
Jewellery
 e - a ring of see invisible (left hand)
Scrolls
 d - 4 scrolls of identify
 f - 2 scrolls of remove curse
 i - a scroll of teleportation
 n - a scroll of magic mapping {unknown}
 o - a scroll of fear {unknown}
 q - a scroll of enchant armour {unknown}
Potions
 h - a potion of flight {unknown}
 j - a potion of magic
 l - a potion of lignification {unknown}
 m - a potion of degeneration {unknown}
 r - a potion of cancellation {unknown}
 s - 2 potions of curing {unknown}
 x - a potion of haste {unknown}
Comestibles
 c - 6 bread rations
 w - 2 chunks of flesh
 z - a royal jelly


   Skills:
 * Level 5.1 Fighting
 + Level 6.4 Axes
 + Level 1.8 Armour
 + Level 3.0 Dodging
 + Level 1.5 Stealth


You had 5 spell levels left.
You didn't know any spells.

Dungeon Overview and Level Annotations

Branches:
Dungeon (3/15)

Altars:
Fedhas


Message History

The orc hits you with an enchanted short sword.
* * * LOW HITPOINT WARNING * * *
Wield which item (- for none, * to show all)? (? for menu, Esc to quit)
a - a +4 hand axe (weapon)
The orc misses you. The orc priest hits you with a mace.
* * * LOW HITPOINT WARNING * * *
The orc priest shouts, "Join the one true god or die!"
You hit the orc priest but do no damage.
The orc priest is heavily wounded.
You slash the orc!
You kill the orc!
You hit the orc priest.
The orc priest is severely wounded.
The orc priest shouts, "Surrender to Beogh and we'll let you live!"
The orc priest hits you but does no damage.
You hit the orc priest.
The orc priest is severely wounded.
The orc priest threatens, "By the altar or by the axe, you will meet Beogh!"
The orc priest hits you with a mace.
You die...

#..............#
#.######.......# #.##.#
#.......# #..#.# #.......##
##...# #........# ##..#
##..#.##.####
#######.#####.##..#.....
........................
...####.#####.##.......# #
#)o..#..##.###.### ######
.##@##...###.# #..
#....###....###o.###.# ...
#..)..####..####..##.#>##..
#.............##.......# ##
#.(.######..#.##.#...###
#<..# #..#...†)..## ## #...#
####......)#.# #..
#...####....##.......#####..
#.....†......###............
#...########.....#..####...#
#...# #..##.#..# #....


You could see an orc priest.

Vanquished Creatures
  A hound (D:3)
  Jessica (D:2)
  Terence (D:2)
  4 adders
  2 oozes (D:2)
  4 leopard geckos
  7 orcs (D:3)
  18 giant cockroaches
  7 goblins
  7 hobgoblins
  4 jackals (D:1)
  12 kobolds
  9 bats
  3 frilled lizards
  7 rats
87 creatures vanquished.

Notes
Turn   | Place    | Note
-------+----------+-------------------------------------------
     0 | D:1      | bli the Hill Orc Monk began the quest for the Orb.
     0 | D:1      | Reached XP level 1. HP: 19/19 MP: 1/1
    86 | D:1      | Reached XP level 2. HP: 21/27 MP: 2/2
   362 | D:1      | Reached XP level 3. HP: 28/33 MP: 3/3
   824 | D:2      | Reached skill level 5 in Axes
   824 | D:2      | Reached skill level 1 in Armour
   824 | D:2      | Reached XP level 4. HP: 11/41 MP: 4/4
  1124 | D:2      | Noticed Terence
  1151 | D:2      | Killed Terence
  1497 | D:2      | Noticed Jessica
  1501 | D:2      | Killed Jessica
  1501 | D:2      | Reached XP level 5. HP: 45/47 MP: 5/5
  1665 | D:2      | Found a blossoming altar of Fedhas.
  1736 | D:2      | Reached skill level 6 in Axes
  1883 | D:3      | Reached skill level 5 in Fighting
  2250 | D:3      | Reached XP level 6. HP: 54/56 MP: 6/6
  2272 | D:3      | HP: 2/56 [orc/enchanted short sword (1)]
  2276 | D:3      | Slain by an orc priest

Skill      XL: |  1  2  3  4  5 |
---------------+----------------+-----
Fighting       | 4 5 |  5.1
Axes           | 5 6 |  6.4
Armour         | 1 |  1.8
Dodging        | 3 |  3.0
Stealth        | |  1.5

Action                   |  1- 3 |  4- 6 || total
-------------------------+-------+-------++-------
Melee: Hand axe          |   126 |   140 ||   266
       War axe           |       |     8 ||     8
       Staff             |       |    27 ||    27
Throw: Stone             |       |     1 ||     1
  Use: Scroll            |       |     2 ||     2
       Potion            |       |     1 ||     1
 Stab: Sleeping          |     6 |       ||     6
  Eat: Chunk             |       |     5 ||     5
Armor: Robe              |    22 |       ||    22
       Ring mail         |       |    28 ||    28
       Leather armour    |       |    22 ||    22
Dodge: Dodged            |   108 |   125 ||   233
